 Dungeon Crawl Stone Soup version 0.16.1-2-g95b8d4c (webtiles) character file.

3597 Greenwood the Nimble (level 9, -16/43 HPs)
             Began as a Felid Wizard on Mar 24, 2015.
             Was a High Priest of Dithmenos.
             Hit by a tomahawk thrown by an orc warrior (21 damage)
             ... on level 1 of the Orcish Mines on Mar 25, 2015.
             The game lasted 01:54:46 (13437 turns).

Greenwood the Nimble (Felid Wizard)                Turns: 13437, Time: 01:54:46

Health: -16/43     AC:  4    Str:  5    XL:     9   Next: 85%
Magic:  1/23       EV: 25    Int: 20    God:    Dithmenos [*****.]
Gold:   533        SH:  2    Dex: 16    Spells: 5 memorised, 4 levels left
                                        Lives:  0   Deaths: 2

rFire  . . .     SeeInvis +       - Unarmed
rCold  . . .     Clarity  +     (armour unavailable)
rNeg   . . .     SustAb   .     (shield unavailable)
rPois  .         Gourm    .     (helmet unavailable)
rElec  .         Spirit   .     (cloak unavailable)
rCorr  .         Warding  .     (gloves unavailable)
rMut   .         Stasis   .     (boots unavailable)
MR     +....                    q - amulet of clarity
Stlth  +++++++++.               i - ring of invisibility
                                e - ring of wizardry

@: very slightly contaminated, wreathed by umbra, repel missiles, quick,
somewhat resistant to hostile enchantments, incredibly stealthy
A: paw claws, no armour, no weapons or thrown items, fangs 3, large bone plates
1, see invisible, carnivore 3, speed 1, shaggy fur 2, slow metabolism 1, sharp
paws
a: Shadow Step, Shadow Form, Renounce Religion, Evoke Invisibility


You were on level 1 of the Orcish Mines.
You worshipped Dithmenos.
Dithmenos was extremely pleased with you.
You were very full.

You visited 3 branches of the dungeon, and saw 14 of its levels.

You collected 1428 gold pieces.
You spent 895 gold pieces at shops.

Inventory:

Jewellery
 e - a ring of wizardry (left paw)
 i - a ring of invisibility (right paw)
 q - an amulet of clarity (around neck)
 s - an uncursed ring of flight
 t - an uncursed ring of poison resistance
 y - an uncursed amulet of stasis
Magical devices
 k - a wand of disintegration (2)
 p - a wand of draining (2)
 w - a wand of hasting (6)
 x - a wand of lightning (0)
Scrolls
 f - 5 scrolls of remove curse
 n - 3 scrolls of amnesia
 r - a scroll of recharging
Potions
 a - 2 potions of haste
 g - 2 potions of agility
 h - 3 potions of heal wounds
 l - a potion of brilliance
 o - 2 potions of berserk rage
 u - 5 potions of curing
 B - 3 potions of might
Books
 b - a book of Annihilations {highlevel, unknown}

   This book is beyond your current level of understanding.

   Spells                             Type                      Level
   a - Poison Arrow                   Conjuration/Poison           6
   b - Chain Lightning                Conjuration/Air              8
   c - Lehudib's Crystal Spear        Conjuration/Earth            8
   d - Glaciate                       Conjuration/Ice              9
   e - Fire Storm                     Conjuration/Fire             9
 c - a book of Minor Magic

   Spells                             Type                      Level
   a - Magic Dart                     Conjuration                  1
   b - Blink                          Translocation                2
   c - Call Imp                       Summoning                    2
   d - Repel Missiles                 Charms/Air                   2
   e - Slow                           Hexes                        2
   f - Conjure Flame                  Conjuration/Fire             3
   g - Mephitic Cloud                 Conjuration/Poison/Air       3
Comestibles
 d - 5 meat rations
 j - 10 royal jellies
 C - a beef jerky


   Skills:
 + Level 7.3 Fighting
 + Level 9.7 Dodging
 - Level 9.4 Stealth
 + Level 6.9 Unarmed Combat
 - Level 3.0 Spellcasting
 - Level 3.0 Conjurations
 - Level 2.2 Charms
 - Level 2.2 Summonings
 - Level 2.4 Translocations
 - Level 2.1 Air Magic
 - Level 2.0 Poison Magic
 - Level 3.1 Invocations
 - Level 8.0 Evocations


You had 4 spell levels left.
You knew the following spells:

 Your Spells              Type           Power        Failure   Level  Hunger
a - Magic Dart            Conj           ###.         1%          1    None
b - Blink                 Tloc           N/A          4%          2    ##.....
c - Call Imp              Summ           ##......     4%          2    ##.....
d - Repel Missiles        Chrm/Air       ##....       4%          2    ##.....
e - Mephitic Cloud        Conj/Pois/Air  ##......     7%          3    ###....


Dungeon Overview and Level Annotations

Branches:
Dungeon (10/15)            Temple (0/1) D:7            Lair (1/8) D:10
    Orc (3/4) D:10            Elf (0/3) Orc:3

Altars:
Dithmenos
Gozag
Makhleb
Okawaru
Yredelemnul
Zin
The Shining One
Beogh

Shops:
D:10 %[   Orc:1 *   Orc:3 (=(!

Annotations:
Lair:1 Rayvis' ghost, experienced DsFi


Innate Abilities, Weirdness & Mutations

You cannot wear armour.
You are incapable of wielding weapons or throwing items.
You have razor-sharp teeth.
You have supernaturally acute eyesight.
You are carnivorous and can eat meat at any time.
You cover ground quickly.
You are covered in thick fur (AC +2).
You have a slow metabolism.
Your paws have sharp claws that are effective at stabbing.
You are partially covered in large bone plates (AC +2, SH +2).


Message History

Casting: Blink
Confirm with . or Enter, or press ? or * to list all spells.
You blink.
The orc warrior throws a tomahawk.
The tomahawk misses you.
Casting: Blink
Confirm with . or Enter, or press ? or * to list all spells.
Aiming: Mephitic Cloud
Press: ? - help, Shift-Dir - straight line The ball explodes into a vile cloud!
The stinking cloud engulfs the orc wizard.
The orc wizard is heavily wounded.
The stinking cloud engulfs the orc warrior.
The orc warrior is lightly wounded.
The orc shouts!
You hear a shout!
The orc warrior throws a tomahawk.
The tomahawk misses you.
Read which item? (? for menu, Esc to quit)
As you read the scroll labeled PLARHU KLOPS, it crumbles to dust.
It is a scroll of enchant weapon.
You aren't carrying any weapons that can be enchanted.
The orc warrior throws a tomahawk.
The tomahawk hits you!!
You die...

...##....og..$.## ## #
...o.......o.....#..#...
.........###).)o.#.....#
####......$#.##.).......#
#.#.........(>.......#...#
#.............†))...##
....[)).........)#.##
....).#..#..$...(###
....)))###..o..o@#
.#....).((...§§§##
#...PP..()...§o.#
#...P∩..........#
##...PP........##
##.............
##.......#....
#....####### #.....


You could see an orc warrior, 2 orc wizards and an orc.

Vanquished Creatures
  A deep troll (Orc:3)
  Joseph (D:8)
  A fire drake (Lair:1)
  A two-headed ogre (Orc:3)
  A troll (D:10)
  2 yaks (Lair:1)
  2 hippogriffs (Lair:1)
  A steam dragon (D:9)
  A hungry ghost (D:7)
  A warg (Orc:1)
  Edmund (D:8)
  3 water moccasins (Lair:1)
  5 ice beasts
  A porcupine (Lair:1)
  12 orc warriors
  2 sky beasts
  A black bear (D:9)
  8 ogres
  A phantom (D:7)
  6 centaurs
  Sigmund (D:7)
  A big kobold (D:7)
  2 giant frogs
  A wyvern skeleton (D:10)
  2 scorpions
  A goliath beetle (D:10)
  4 crimson imps
  2 jellies (D:8)
  5 hounds
  17 orc priests
  A giant frog skeleton (D:6)
  2 iguanas
  8 orc wizards
  5 worker ants
  14 sheep (Lair:1)
  A hound zombie (D:6)
  2 hound skeletons
  7 adders
  A giant mite (D:8)
  A shadow imp (D:10)
  A worm (D:3)
  6 giant geckos
  5 oozes (D:8)
  113 orcs
  2 bat zombies
  4 giant cockroaches
  A gnoll zombie (D:2)
  14 goblins
  20 hobgoblins
  10 jackals
  2 ball pythons
  A ball python skeleton (D:4)
  9 bats
  2 giant newts
  A giant spore (D:4)
  12 kobolds
  5 quokkas
  A quokka skeleton (D:8)
  14 rats
  2 ballistomycetes (D:4)
  A fungus (D:6)
356 creatures vanquished.

Vanquished Creatures (collateral kills)
  A giant frog (D:6)
  A scorpion (D:7)
  A giant frog zombie (D:6)
  A quasit (D:6)
  A jelly (D:8)
  Crazy Yiuf (D:6)
  4 worker ants (D:4)
  A hound skeleton (D:4)
  5 adders
  A giant mite (D:2)
  3 orcs
  A ball python (D:3)
  A gnoll zombie (D:2)
  A goblin (D:6)
  7 jackals
  A quokka (D:2)
  A kobold (D:8)
  A quokka zombie (D:5)
  3 rats
  A fungus (D:6)
37 creatures vanquished.

Vanquished Creatures (others)
  14 crimson imps
  An adder (Lair:1)
  4 shadow imps
  11 white imps
  A giant gecko (D:4)
  An orc (Orc:3)
32 creatures vanquished.

Grand Total: 425 creatures vanquished

Notes
Turn   | Place    | Note
--------------------------------------------------------------
     0 | D:1      | Greenwood, the Felid Wizard, began the quest for the Orb.
     0 | D:1      | Reached XP level 1. HP: 7/7 MP: 5/5
   195 | D:1      | Reached XP level 2. HP: 7/12 MP: 1/7
   371 | D:1      | Reached skill level 1 in Conjurations
   385 | D:1      | You fall through a shaft!
   541 | D:2      | Reached skill level 1 in Fighting
   546 | D:2      | Learned a level 2 spell: Blink
   549 | D:2      | Learned a level 2 spell: Call Imp
   561 | D:2      | Found a basalt altar of Yredelemnul.
   868 | D:2      | Reached skill level 1 in Unarmed Combat
   879 | D:2      | Reached XP level 3. HP: 15/15 MP: 3/9
   901 | D:2      | Found a burning altar of Makhleb.
  1016 | D:2      | Found a glowing golden altar of the Shining One.
  1968 | D:3      | Reached XP level 4. HP: 15/19 MP: 4/12
  2785 | D:4      | Reached skill level 4 in Stealth
  2933 | D:4      | Reached XP level 5. HP: 22/22 MP: 5/14
  3539 | D:5      | Entered Level 5 of the Dungeon
  3592 | D:5      | Found a shadowy altar of Dithmenos.
  3601 | D:5      | Became a worshipper of Dithmenos the Shadowed
  3945 | D:5      | Found a glowing silver altar of Zin.
  4028 | D:5      | Noticed a centaur
  4037 | D:5      | Killed a centaur
  4037 | D:5      | Reached skill level 6 in Stealth
  4037 | D:5      | Gained mutation: You are covered in thick fur (AC +2). [growing up]
  4037 | D:5      | Reached XP level 6. HP: 19/27 MP: 11/16
  4041 | D:5      | Learned a level 2 spell: Repel Missiles
  4045 | D:5      | Learned a level 3 spell: Mephitic Cloud
  4174 | D:5      | Noticed a centaur
  4176 | D:5      | Killed a centaur
  4753 | D:6      | Reached skill level 1 in Air Magic
  4753 | D:6      | Reached skill level 1 in Poison Magic
  4854 | D:6      | Reached skill level 1 in Charms
  4854 | D:6      | Reached XP level 7. HP: 16/30 MP: 1/18
  6006 | D:6      | Noticed Crazy Yiuf
  6028 | D:6      | Killed Crazy Yiuf
  6090 | D:7      | Found a staircase to the Ecumenical Temple.
  6282 | D:7      | Noticed Sigmund
  6302 | D:7      | Killed Sigmund
  6302 | D:7      | Reached skill level 5 in Dodging
  6302 | D:7      | Reached XP level 8. HP: 28/34 MP: 11/20
  6504 | D:7      | Found an iron altar of Okawaru.
  6676 | D:8      | Noticed Edmund
  6682 | D:8      | Reached skill level 1 in Evocations
  6945 | D:8      | Noticed Joseph
  7195 | D:8      | Killed Joseph
  7195 | D:8      | Reached skill level 5 in Fighting
  7270 | D:7      | Reached skill level 5 in Unarmed Combat
  7513 | D:8      | Killed Edmund
  7513 | D:8      | Reached XP level 9. HP: 40/40 MP: 11/21
  7641 | D:8      | Found an opulent altar of Gozag.
  7642 | D:8      | Gained mutation: You passively map a small area around you. [mutagenic meat]
  7643 | D:8      | Gained mutation: Your flesh is cold resistant. [mutagenic meat]
  8484 | D:8      | Acquired Dithmenos' first power
  8824 | D:9      | Reached skill level 1 in Invocations
  8926 | D:9      | Found a shadowy altar of Dithmenos.
  9245 | D:9      | Reached skill level 5 in Evocations
  9743 | D:10     | Entered Level 10 of the Dungeon
  9743 | D:10     | Found Coikeanex's Armour Shop.
  9744 | D:10     | Found a staircase to the Lair.
  9767 | D:10     | Reached skill level 7 in Evocations
  9959 | D:10     | Found a roughly hewn altar of Beogh.
  9977 | D:10     | Acquired Dithmenos' second power
  9991 | D:10     | Found a staircase to the Orcish Mines.
 10000 | D:10     | Reached XP level 10. HP: 39/46 MP: 3/24
 10230 | D:10     | Reached skill level 8 in Evocations
 10426 | D:10     | Found Vihurcha's Food Shop.
 10763 | Lair:1   | Entered Level 1 of the Lair of Beasts
 10777 | Lair:1   | Noticed Rayvis' ghost (experienced DsFi)
 11295 | Lair:1   | Gained mutation: Your body is slowly deteriorating. [mutagenic glow]
 11327 | Lair:1   | Mangled by Rayvis' ghost
 11328 | Lair:1   | Reached XP level 9. HP: -10/42 MP: 6/23
 11333 | Lair:1   | Noticed a black mamba
 11394 | D:10     | Lost mutation: Your body is slowly deteriorating. [potion of cure mutation]
 11394 | D:10     | Lost mutation: Your flesh is cold resistant. [potion of cure mutation]
 11394 | D:10     | Lost mutation: You passively map a small area around you. [potion of cure mutation]
 11395 | D:10     | Gained mutation: You are partially covered in large bone plates (AC +2, SH +2). [potion of beneficial mutation]
 11582 | Lair:1   | Slain by Rayvis' ghost
 11583 | Lair:1   | Reached XP level 8. HP: -4/39 MP: 13/21
 11583 | Lair:1   | Reached skill level 9 in Stealth
 11657 | Orc:1    | Entered Level 1 of the Orcish Mines
 11685 | Orc:1    | Acquired Dithmenos' third power
 12386 | Orc:3    | Reached XP level 9. HP: 15/42 MP: 1/23
 12623 | Orc:3    | Found Wuang's Weapon Boutique.
 12628 | Orc:3    | Found Eliurhosch's Distillery.
 12650 | Orc:3    | Bought a potion of heal wounds for 75 gold pieces
 12650 | Orc:3    | Bought a potion of curing for 45 gold pieces
 12650 | Orc:3    | Bought a potion of brilliance for 60 gold pieces
 12650 | Orc:3    | Bought a potion of poison for 15 gold pieces
 12650 | Orc:3    | Bought a potion of heal wounds for 75 gold pieces
 12650 | Orc:3    | Bought 2 potions of berserk rage for 150 gold pieces
 12650 | Orc:3    | Bought a potion of might for 60 gold pieces
 12650 | Orc:3    | Bought a potion of agility for 60 gold pieces
 12650 | Orc:3    | Bought a potion of heal wounds for 75 gold pieces
 12700 | Orc:3    | Found a staircase to the Elven Halls.
 12700 | Orc:3    | Found Brefyte's Jewellery Shoppe.
 12728 | Orc:3    | Bought an uncursed ring of poison resistance for 280 gold pieces
 12865 | Orc:3    | Found Ima Pnuh's Antique Weapon Emporium.
 12956 | Orc:3    | Found a roughly hewn altar of Beogh.
 12961 | Orc:3    | Noticed a deep troll
 12961 | Orc:3    | Noticed a two-headed ogre
 12983 | Orc:3    | Killed a deep troll
 13004 | Orc:3    | Killed a two-headed ogre
 13006 | Orc:3    | Acquired Dithmenos' fourth power
 13391 | Orc:1    | Found Sheo's Assorted Antiques.
 13437 | Orc:1    | Hit by a tomahawk thrown by an orc warrior

Action                   |  1- 3 |  4- 6 |  7- 9 | 10-12 || total
-------------------------+-------+-------+-------+-------++-------
Melee: Unarmed           |   100 |   121 |   557 |   138 ||   916
 Cast: Magic Dart        |    77 |    62 |    14 |       ||   153
       Call Imp          |    10 |    46 |    58 |       ||   114
       Blink             |     1 |       |    19 |     9 ||    29
       Repel Missiles    |       |     1 |     2 |       ||     3
       Mephitic Cloud    |       |       |   103 |    18 ||   121
 Abil: Evoke Invisibilit |       |       |     6 |     5 ||    11
Evoke: Wand              |       |       |     2 |     2 ||     4
  Use: Scroll            |     7 |     5 |     6 |     8 ||    26
       Potion            |       |       |    10 |       ||    10
 Stab: Sleeping          |     2 |     8 |    35 |     6 ||    51
       Confused          |       |       |    47 |     8 ||    55
       Invisible         |       |       |     8 |     4 ||    12
       Distracted        |       |       |     1 |     1 ||     2
  Eat: Chunk             |    10 |     5 |    39 |     8 ||    62
       Pizza             |       |       |     1 |       ||     1
